 Dungeon Crawl Stone Soup version 0.21-a0-426-g98080a9 (webtiles) character file.

2741 sugabear the Insei (level 9, -5/74 HPs)
             Began as a Demonspawn Transmuter on Nov 5, 2017.
             Was a Follower of Qazlal.
             Slain by fernweh's ghost (15 damage)
             ... on level 6 of the Dungeon.
             The game lasted 00:14:55 (8321 turns).

sugabear the Insei (Demonspawn Transmuter)          Turns: 8321, Time: 00:14:56

Health: -5/74      AC:  6    Str: 10    XL:     9   Next: 40%
Magic:  8/16       EV: 10    Int: 18    God:    Qazlal [*.....]
Gold:   213        SH:  1    Dex: 12    Spells: 10/18 levels left

rFire    x . .     SeeInvis .     - Unarmed
rCold    + + +     Gourm    +   (shield currently unavailable)
rNeg     . . .     Faith    .   (armour currently unavailable)
rPois    +         Spirit   .   (helmet currently unavailable)
rElec    .         Reflect  .   (cloak currently unavailable)
rCorr    .         Harm     .   (gloves currently unavailable)
MR       +....                  (boots currently unavailable)
Stlth    +.........             i - amulet of the gourmand
HPRegen  0.22/turn              r - ring of protection from magic
MPRegen  0.15/turn              t - +1 ring of slaying

@: ice-form, very slightly contaminated, very heavily drained
A: clumsy 1, powered by death 2, wild magic 1, MP-powered wands
a: End Transformation, Renounce Religion


You were on level 6 of the Dungeon.
You worshipped Qazlal.
Qazlal was aware of your devotion.
You were very full.
You were a creature of crystalline ice.
You visited 2 branches of the dungeon, and saw 8 of its levels.

You collected 297 gold pieces.
You spent 84 gold pieces at shops.

Inventory:

Hand Weapons
 e - a +0 dagger of protection
Missiles
 a - 137 arrows
Armour
 n - a +1 animal skin (melded)
 u - a +0 cloak
Jewellery
 i - an amulet of the gourmand (around neck)
 r - a ring of protection from magic (left front paw)
 t - a +1 ring of slaying (right front paw)
 x - an uncursed ring of fire
 y - an uncursed amulet of magic regeneration {unknown}
Wands
 C - a wand of flame (15/48)
Scrolls
 b - a scroll of amnesia
 g - 7 scrolls of identify
 h - 2 scrolls of enchant armour {unknown}
 l - a scroll of teleportation
 s - 6 scrolls of remove curse
 w - 2 scrolls of magic mapping
 D - a scroll of enchant weapon {unknown}
 E - 2 scrolls of fog {unknown}
 I - a scroll of summoning {unknown}
 K - a scroll of fear
Potions
 j - 3 potions of lignification
 k - 2 potions of brilliance {unknown}
 m - 5 potions of curing {unknown}
 o - 4 potions of heal wounds {unknown}
 p - 2 potions of agility
 q - a potion of haste
 v - a potion of ambrosia {unknown}
 A - 2 potions of flight {unknown}
 F - a potion of magic {unknown}
Books
 c - a book of Changes

   Spells                             Type                      Level
   a - Beastly Appendage              Transmutation                1
   b - Sticks to Snakes               Transmutation                2
   c - Spider Form                    Transmutation/Poison         3
   d - Ice Form                       Ice/Transmutation            4
   e - Blade Hands                    Transmutation                5
 G - a book of Minor Magic

   Spells                             Type                      Level
   a - Magic Dart                     Conjuration                  1
   b - Blink                          Translocation                2
   c - Call Imp                       Summoning                    2
   d - Slow                           Hexes                        2
   e - Conjure Flame                  Conjuration/Fire             3
   f - Mephitic Cloud                 Conjuration/Poison/Air       3
 J - a book of Callings

   Spells                             Type                      Level
   a - Summon Small Mammal            Summoning                    1
   b - Call Imp                       Summoning                    2
   c - Call Canine Familiar           Summoning                    3
   d - Summon Guardian Golem          Hexes/Summoning              3
   e - Summon Lightning Spire         Summoning/Air                4
   f - Summon Ice Beast               Ice/Summoning                4
Comestibles
 d - 6 bread rations
 f - 8 fruits
 z - 2 meat rations
 B - 2 royal jellies


   Skills:
 + Level 2.4(0.0) Fighting
 + Level 0.7(0.0) Short Blades
 + Level 4.2(1.3) Dodging
 + Level 2.7(0.0) Stealth
 + Level 6.6(3.5) Unarmed Combat
 * Level 5.0(2.1) Spellcasting
 + Level 4.4(1.5) Transmutations
 * Level 3.6(0.8) Ice Magic
 + Level 2.8(0.0) Poison Magic
 * Level 4.4(1.5) Invocations


You had 10 spell levels left.
You knew the following spells:

 Your Spells              Type           Power        Failure   Level  Hunger
a - Beastly Appendage     Tmut           #.....       14%         1    #......
b - Spider Form           Tmut/Pois      #.........   45%         3    ###....
c - Ice Form              Ice/Tmut       #.......     80%         4    #####..


Dungeon Overview and Level Annotations

Branches:
Dungeon (7/15)             Temple (1/1) D:5

Altars:
Ashenzari
Cheibriados
Dithmenos
Elyvilon
Fedhas
Gozag
Hepliaklqana
Kikubaaqudgha
Makhleb
Nemelex Xobeh
Okawaru
Qazlal
Ru
Sif Muna
Trog
Uskayaw
Vehumet
Wu Jian
Xom
Yredelemnul
Zin
The Shining One

Shops:
D:4 *   D:6 =

Annotations:
D:6 fernweh's ghost, novice GnSk
D:7 ProzacElf's ghost, novice GnWz


Innate Abilities, Weirdness & Mutations

((You have very sharp fingernails.))
You regenerate health from kills.
((When seriously injured, your bleeding wounds create armour. (AC +0)))
You are clumsy. (Dex -2)
((Armour fits poorly on your strangely shaped body.))
Your spells are a little harder to cast, but a little more powerful.
You expend magic power (3 MP) to strengthen your wands.


Message History

Fernweh's ghost is almost destroyed.
Fernweh's ghost says, "To die, to sleep, no more."
Fernweh's ghost hits you!
* * * LOW HITPOINT WARNING * * *
You feel drained.
* * * LOW HITPOINT WARNING * * *
You hit fernweh's ghost but do no damage.
Fernweh's ghost is almost destroyed.
Fernweh's ghost hits you.
* * * LOW HITPOINT WARNING * * *
You feel drained.
Unknown command.
Fernweh's ghost's shroud bends your attack away.
Fernweh's ghost barely misses you.
You hit fernweh's ghost but do no damage.
Fernweh's ghost is severely damaged.
You block fernweh's ghost's attack.
Fernweh's ghost's shroud bends your attack away!
Fernweh's ghost hits you!
You die...

#.# #.....#.#
#.###.....#.#
#.........#.#
#####.##..#.#
#.##..#.#######
#.##....#.....#
#[#⌠.⌠..#.###.#
#.#.∩.#.#.# #.#
#<#⌠.⌠..Y.# #.#
###....W### #.# ###
#.'.[.§...###.# ..#
#.#...§.#.....#
#.#####
#.#..........##
W.....# #.####..)....#
..###.# #.......)....#
..###.#####........###
....#.....'........#


You could see fernweh's ghost.

Vanquished Creatures
  Sigmund (D:2)
  A hippogriff (D:3)
  A human (D:2)
  2 sky beasts
  An orc warrior (D:5)
  3 ice beasts
  A phantom (D:6)
  An ogre (D:6)
  Blork the orc (D:4)
  2 bullfrogs
  A water moccasin skeleton (D:4)
  2 scorpions
  5 wights (D:7)
  A howler monkey (D:6)
  A crimson imp (D:5)
  A bullfrog zombie (D:7)
  A jelly (D:6)
  2 hounds
  Crazy Yiuf (D:3)
  An orc priest (D:6)
  A centaur skeleton (D:4)
  A gnoll shaman (D:4)
  A bullfrog skeleton (D:7)
  2 iguanas
  4 orc wizards
  Natasha (thrice) (D:2)
  5 worker ants
  A hound zombie (D:5)
  Robin (D:2)
  10 gnolls
  A howler monkey skeleton (D:5)
  10 adders
  A shadow imp (D:5)
  An ooze (D:2)
  An adder skeleton (D:3)
  A dart slug (D:4)
  4 worms
  4 leopard geckos
  11 orcs
  3 ball pythons
  5 bats
  9 giant cockroaches
  16 goblins
  13 hobgoblins
  4 quokkas
  2 frilled lizards (D:2)
  10 kobolds
  A leopard gecko skeleton (D:4)
  8 rats
164 creatures vanquished.

Notes
Turn   | Place    | Note
-------+----------+-------------------------------------------
     0 | D:1      | sugabear the Demonspawn Transmuter began the quest for the Orb.
     0 | D:1      | Reached XP level 1. HP: 15/15 MP: 3/3
   207 | D:1      | Reached skill level 3 in Unarmed Combat
   207 | D:1      | Gained mutation: You have sharp fingernails. [demonic ancestry]
   207 | D:1      | Reached XP level 2. HP: 13/21 MP: 3/5
   908 | D:2      | Noticed Sigmund
   992 | D:2      | Reached XP level 3. HP: 9/26 MP: 4/6
  1375 | D:2      | Learned a level 3 spell: Spider Form
  1631 | D:2      | Found a runed door.
  1631 | D:2      | Noticed a human
  1634 | D:2      | Found a basalt altar of Yredelemnul.
  1650 | D:2      | Killed a human
  1650 | D:2      | Reached skill level 1 in Stealth
  1650 | D:2      | Gained mutation: When seriously injured, your bleeding wounds create armour. (AC +0) [demonic ancestry]
  1650 | D:2      | Reached XP level 4. HP: 8/32 MP: 4/8
  1650 | D:2      | Reached XP level 5. HP: 10/37 MP: 4/9
  1967 | D:2      | Killed Sigmund
  1967 | D:2      | Reached skill level 4 in Unarmed Combat
  1967 | D:2      | Gained mutation: You regenerate a little health from kills. [demonic ancestry]
  1967 | D:2      | Reached XP level 6. HP: 31/43 MP: 6/10
  2037 | D:2      | Learned a level 4 spell: Ice Form
  2059 | D:2      | Noticed Natasha
  2064 | D:2      | Killed Natasha
  2064 | D:2      | Reached skill level 1 in Poison Magic
  2293 | D:2      | Noticed Robin
  2309 | D:2      | Killed Robin
  2531 | D:2      | Noticed Natasha
  2536 | D:2      | Killed Natasha
  2549 | D:2      | Noticed Natasha
  2556 | D:2      | Killed Natasha
  3320 | D:3      | Reached XP level 7. HP: 48/48 MP: 8/11
  3409 | D:3      | Found an ancient bone altar of Kikubaaqudgha.
  3418 | D:3      | Reached skill level 1 in Ice Magic
  3691 | D:3      | Noticed a hippogriff
  3702 | D:3      | Killed a hippogriff
  3792 | D:3      | Found a runed door.
  4245 | D:3      | Noticed Crazy Yiuf
  4249 | D:3      | Killed Crazy Yiuf
  4889 | D:4      | Reached skill level 5 in Unarmed Combat
  4890 | D:4      | Noticed Blork the orc
  4917 | D:5      | Entered Level 5 of the Dungeon
  5159 | D:4      | Killed Blork the orc
  5159 | D:4      | Gained mutation: You regenerate health from kills. [demonic ancestry]
  5159 | D:4      | Reached XP level 8. HP: 37/56 MP: 9/13
  5519 | D:4      | Found Zynylet's General Store.
  5527 | D:4      | Bought a scroll of magic mapping for 45 gold pieces
  5527 | D:4      | Bought a scroll of remove curse for 39 gold pieces
  6270 | D:5      | Gained mutation: You are clumsy. (Dex -2) [mutagenic meat]
  6271 | D:5      | Gained mutation: Armour fits poorly on your strangely shaped body. [mutagenic meat]
  6272 | D:5      | Gained mutation: Your spells are a little harder to cast, but a little more powerful. [mutagenic meat]
  6273 | D:5      | Gained mutation: You expend magic power (3 MP) to strengthen your wands. [mutagenic meat]
  6311 | D:5      | Found a staircase to the Ecumenical Temple.
  6329 | D:5      | Found a blossoming altar of Fedhas.
  6337 | Temple   | Entered the Ecumenical Temple
  6460 | Temple   | Became a worshipper of Qazlal Stormbringer
  6822 | D:5      | Reached skill level 1 in Invocations
  7009 | D:6      | Noticed fernweh's ghost (novice GnSk)
  7425 | D:6      | Reached skill level 6 in Unarmed Combat
  7469 | D:6      | Gained mutation: You have very sharp fingernails. [demonic ancestry]
  7469 | D:6      | Reached XP level 9. HP: 47/61 MP: 13/16
  7592 | D:6      | Found Wifobof's Jewellery Boutique.
  8225 | D:7      | Reached * piety under Qazlal
  8228 | D:7      | Reached skill level 5 in Spellcasting
  8237 | D:7      | Noticed ProzacElf's ghost (novice GnWz)
  8321 | D:6      | Slain by fernweh's ghost

Vault maps used:
D:1:      minmay_arrival_split_and_join, dk_noncrumbling_3,
          minmay_misc_feat_columns
D:2:      minmay_wonky_spiral, minmay_liquid_box, dk_yredelemnul_ordeal,
          uniq_natasha, uniq_sigmund, uniq_robin
D:3:      nicolae_overflow_crystal_walls, uniq_crazy_yiuf_cottage
D:4:      serial_glass, glass_columns_b, glass_columns_c, serial_shops, shop,
          uniq_blork_the_orc
D:5:      minmay_temple_entry_trees, first_bread, fedhas_altar_1
D:6:      serial_shops, shop_fountains
D:7:      uniq_joseph
Temple:   kilobyte_greek_temple

Skill      XL: |  1  2  3  4  5  6  7  8  9 |
---------------+----------------------------+-----
Transmutations | 2 3 4 |  4.4
Unarmed Combat | 3 4 5 6 |  6.6
Dodging        | 2 3 4 |  4.2
Stealth        | 1 2 |  2.7
Spellcasting   | 3 4 5 |  5.0
Poison Magic   | 1 2 |  2.8
Ice Magic      | 2 3 |  3.6
Fighting       | 2 |  2.4
Invocations    | 3 4 |  4.4
Short Blades   | |  0.7

Action                   |  1- 3 |  4- 6 |  7- 9 || total
-------------------------+-------+-------+-------++-------
Melee: Dagger            |    25 |       |       ||    25
       Unarmed           |    68 |   115 |   309 ||   492
       Kick              |     4 |     1 |       ||     5
       Headbutt          |     1 |     4 |       ||     5
 Cast: Beastly Appendage |    17 |     4 |     1 ||    22
       Spider Form       |     2 |    15 |    19 ||    36
       Ice Form          |       |       |    19 ||    19
  Use: Scroll            |       |     6 |       ||     6
 Stab: Sleeping          |     2 |     1 |     3 ||     6
  Eat: Chunk             |     3 |     7 |    36 ||    46
Armor: Robe              |    11 |     2 |       ||    13
       Animal skin       |       |     2 |    11 ||    13
       Skin              |       |     1 |    29 ||    30
Dodge: Dodged            |    69 |   106 |   208 ||   383
Block: Other             |       |       |     2 ||     2

Table legend:
 A = Spawn XP
 B = Non-spawn XP
 C = Spawn XP percentage of total XP
 D = Spawn monster count
 E = Non-spawn monster count
 F = Spawn count percentage of total count
 G = Total turns spent on level
                    A         B        C        D         E        F      G
               +---------+---------+-------+---------+---------+-------+---------
         Total |       0 |    3916 |   0.0 |       0 |     161 |   0.0 |  8321
               +---------+---------+-------+---------+---------+-------+---------
           D:1 |       0 |      24 |   0.0 |       0 |      15 |   0.0 |   944
           D:2 |       0 |     657 |   0.0 |       0 |      46 |   0.0 |  2107
           D:3 |       0 |     440 |   0.0 |       0 |      29 |   0.0 |  1408
           D:4 |       0 |     470 |   0.0 |       0 |      22 |   0.0 |  1502
           D:5 |       0 |     725 |   0.0 |       0 |      20 |   0.0 |  1371
           D:6 |       0 |     816 |   0.0 |       0 |      14 |   0.0 |   670
           D:7 |       0 |     784 |   0.0 |       0 |      15 |   0.0 |   161
               +---------+---------+-------+---------+---------+-------+---------
